 Dungeon Crawl Stone Soup version 0.25.0-26-g0c896c7088 (webtiles) character file.

Game seed: 5167681777135749006

417 Ethylacetat the Stinger (level 6, 0/49 HPs)
             Began as a Naga Venom Mage on July 4, 2020.
             Was an Initiate of Cheibriados.
             Killed by divine providence
             ... invoked by an orc priest
              (12 damage)
             ... on level 5 of the Dungeon.
             The game lasted 00:24:41 (3462 turns).

Ethylacetat the Stinger (Naga Venom Mage)           Turns: 3462, Time: 00:24:42

Health: 0/49       AC:  5    Str: 14    XL:     6   Next: 93%
Magic:  20/20      EV: 10    Int: 16    God:    Cheibriados [......]
Gold:   179        SH:  0    Dex: 12    Spells: 10/11 levels left

rFire    . . .     SeeInvis +   r - +4 trident
rCold    . . .     Gourm    .   (no shield)
rNeg     . . .     Faith    .   a - +0 robe
rPois    +         Spirit   .   e - +2 hat
rElec    .         Reflect  .   (no cloak)
rCorr    .         Harm     .   (no gloves)
MR       .....                  (no barding)
Stlth    +.........             (no amulet)
HPRegen  0.16/turn              n - ring of magical power
MPRegen  0.17/turn              h - ring of attention (curse)

@: very slow
A: large, see invisible, deformed body, poison resistance, slowness 2, slow
metabolism 1, spit poison 1, AC +2
a: Spit Poison, Bend Time, Renounce Religion


You were on level 5 of the Dungeon.
You worshipped Cheibriados.
Cheibriados was noncommittal.
You were very hungry.

You visited 2 branches of the dungeon, and saw 6 of its levels.

You collected 179 gold pieces.

Inventory:

Hand Weapons
 o - a +2 short sword of electrocution
 r - a +4 trident (weapon)
 v - a +2 dagger of flaming
Missiles
 t - 3 curare-tipped darts (quivered)
Armour
 a - a +0 robe (worn)
 e - a +2 hat (worn)
 i - a +2 kite shield
Jewellery
 b - an uncursed ring of resist corrosion
 h - a cursed ring of attention (right hand)
 n - a ring of magical power (left hand)
Wands
 q - a wand of random effects (15)
Scrolls
 d - a scroll of noise {unknown}
 j - 5 scrolls of identify
 s - a scroll of fear {unknown}
 u - a scroll of teleportation
Potions
 f - a potion of might {unknown}
 g - a potion of haste {unknown}
 k - a potion of stabbing {unknown}
 l - 3 potions of curing {unknown}
 m - 3 potions of flight
 p - a potion of brilliance {unknown}
Comestibles
 c - 6 rations


   Skills:
 - Level 1.5 Dodging
 - Level 3.0 Stealth
 + Level 3.3 Spellcasting
 * Level 4.3 Transmutations
 * Level 7.0 Poison Magic


You had 10 spell levels left.
You knew the following spells:

 Your Spells              Type           Power        Failure   Level  Hunger
a - Sting                 Tmut/Pois      ###.         1%          1    None

Your spell library contained the following spells:

 Spells                   Type           Power        Failure   Level  Hunger
 Poisonous Vapours        Pois/Air       ##....       6%          2    ##.....
 Olgreb's Toxic Radiance  Pois           ####....     10%         4    ####...
 Ignite Poison            Fire/Tmut/Pois ##......     12%         3    ###....
 Mephitic Cloud           Conj/Pois/Air  ##......     21%         3    ###....


Dungeon Overview and Level Annotations

Branches:
Dungeon (5/15)             Temple (1/1) D:4

Altars:
Ashenzari
Cheibriados
Dithmenos
Gozag
Okawaru
Trog
Xom


Innate Abilities, Weirdness & Mutations

You cannot wear boots.
Your serpentine skin is tough. (AC +2)
You have supernaturally acute eyesight. (SInv)
Armour fits poorly on your strangely shaped body.
Your system is resistant to poisons. (rPois)
You cover ground very slowly.
You have a slow metabolism.
You can spit poison.


Message History

The worker ant bites you but does no damage.
You closely miss the orc. The worker ant bites you. The orc misses you.
The worker ant misses you.
You closely miss the orc wizard.
The orc wizard is lightly wounded.
The orc priest hits you with a +0 mace. The orc closely misses you.
The worker ant bites you.
The orc wizard hits you but does no damage.
You puncture the worker ant!
The worker ant is severely wounded.
You feel less confused. The worker ant barely misses you.
The orc closely misses you. The orc priest barely misses you.
The orc wizard hits you with a +0 dagger.
The worker ant bites you. The orc hits you with a +0 hand axe.
The orc priest barely misses you. The worker ant bites you.
* * * LOW HITPOINT WARNING * * *
The orc priest mumbles some strange prayers to Beogh against you.
Beogh smites you!
You die...

###......#
........#
.......#
......#
.....#
#...#
#.o.#


#oao# #.@.# #...# #...# #...# #...# #..## #..# #..# You could see a worker ant,
an orc priest, an orc wizard (invisible) and an orc.

Vanquished Creatures
  An ogre (D:3)
  A scorpion (D:4)
  3 orc wizards
  A hound (D:4)
  Robin (D:3)
  2 adders
  3 gnolls (D:3)
  An ooze (D:2)
  An adder skeleton (D:4)
  2 worms (D:2)
  A dart slug (D:1)
  3 leopard geckos
  5 orcs
  3 giant cockroaches
  15 goblins
  15 hobgoblins
  6 jackals
  4 quokkas
  4 ball pythons
  4 bats
  3 frilled lizards
  A jackal skeleton (D:3)
  9 kobolds
  5 rats
94 creatures vanquished.

Notes
Turn   | Place    | Note
-------+----------+-------------------------------------------
     0 | D:1      | Ethylacetat the Naga Venom Mage began the quest for the
                  | Orb.
     0 | D:1      | Reached XP level 1. HP: 15/15 MP: 3/3
   117 | D:1      | Reached XP level 2. HP: 21/22 MP: 1/5
   500 | D:1      | Found a shattered altar of Ashenzari.
   534 | D:1      | Reached XP level 3. HP: 22/28 MP: 1/6
  1167 | D:2      | Reached skill level 5 in Poison Magic
  1359 | D:2      | Reached XP level 4. HP: 31/36 MP: 7/7
  1550 | D:3      | Noticed Robin
  1850 | D:3      | Killed Robin
  2095 | D:3      | Reached XP level 5. HP: 38/42 MP: 9/9
  2661 | D:4      | Noticed an ogre
  2671 | D:3      | Reached skill level 6 in Poison Magic
  2673 | D:3      | Killed an ogre
  2673 | D:3      | Reached XP level 6. HP: 35/49 MP: 10/10
  2924 | D:4      | Reached skill level 7 in Poison Magic
  3284 | D:4      | Found a staircase to the Ecumenical Temple.
  3295 | Temple   | Entered the Ecumenical Temple
  3303 | Temple   | Became a worshipper of Cheibriados the Contemplative
  3452 | D:5      | Entered Level 5 of the Dungeon
  3462 | D:5      | Killed from afar by an orc priest

Illustrated notes

Levels and vault maps discovered:
D:1:      matt_arrival_refuge, layout_basic, evilmike_ruin_ashenzari
D:2:      layout_loops_corners, nicolae_ru_path_of_blood, minmay_quantized,
          uniq_crazy_yiuf_cottage
D:3:      layout_rooms, minmay_misc_feat_five, chequers_hall_statues_wall_a,
          uniq_robin
D:4:      layout_rooms, minmay_temple_entry_sparse_star
D:5:      layout_cave_pods, first_ration, uniq_eustachio
Temple:   nicolae_temple_the_god_donut

Skill      XL: |  1  2  3  4  5  6 |
---------------+-------------------+-----
Transmutations | 2 3 4 |  4.3
Poison Magic   | 5 6 7 |  7.0
Spellcasting   | 3 |  3.3
Dodging        | |  1.5
Stealth        | |  3.0

Action                   |  1- 3 |  4- 6 || total
-------------------------+-------+-------++-------
Melee: Unarmed           |    82 |    15 ||    97
       Short sword       |       |    25 ||    25
       Trident           |       |    45 ||    45
 Cast: Sting             |    26 |    65 ||    91
 Abil: Spit Poison       |    27 |    26 ||    53
  Use: Scroll            |       |     4 ||     4
 Stab: Sleeping          |     1 |       ||     1
       Distracted        |       |     1 ||     1
  Eat: Chunk             |     1 |     8 ||     9
Armor: Robe              |    27 |    35 ||    62
Dodge: Dodged            |    55 |   102 ||   157
